AoeStats
← The_notorious_Moonbunny

Nomad

507321320Analyzed
2v2 RM · 13d ago on Sep 17, 2026· 24m 14s· 4 players
Game mode
Random Map
Map size
176×176
Population
200
Speed
Normal
Resources
Standard
Victory
Conquest
Starting age
Dark Age
Ending age
Imperial Age
RankedLock teamsTeams togetherTeam positionsShared explorationLock speedFull tech treeHidden civsTurbo modeCheats
Victory
Defeat
🇫🇷 Persians · France
975
+13
🇧🇷 Tupi · Brazil
944
+15
🇦🇹 Poles · Austria
1015
-18
🇦🇹 Japanese · Austria
820
-10
Vemnimim
5:38 Loom
7:15 Loom
14:43 Feudal Age
21:21 Castle Age
19:19 Fishing Lines
19:58 Double-Bit Axe
22:36 Scale Mail Armor
22:47 Forging
22:49 Horse Collar
23:02 Gold Mining
23:07 Stone Mining
sarfaoui4
4:54 Loom
13:44 Feudal Age
18:06 Castle Age
16:40 Forging
17:28 Bloodlines
20:05 Wheelbarrow
23:15 Scale Barding Armor
The_notorious_Moonbunny
13:08 Loom
21:11 Feudal Age
24:33 Forging
Arkonos
6:04 Loom
17:39 Feudal Age
22:19 Scale Mail Armor
22:34 Double-Bit Axe
Connection lost

Rejoining the realm…

Still unreachable

The connection could not be restored.

Session expired

The server has moved on; the page needs a fresh start.